 Dungeon Crawl Stone Soup version 0.29-a0-369-gd956c00756 (webtiles) character file.

Game seed: 2691671558431756469

44522 Sweeb the Fencer (level 14, -3/92 HPs)
             Began as a Tengu Gladiator on May 1, 2022.
             Was a High Priest of Dithmenos.
             Slain by a tengu warrior
             ... wielding a +0 broad axe
              (20 damage)
             ... on level 14 of the Dungeon on May 2, 2022.
             The game lasted 00:44:56 (22097 turns).

Sweeb the Fencer (Tengu Gladiator)                 Turns: 22097, Time: 00:44:56

Health: -3/92      AC:  8    Str: 17    XL:     14   Next: 29%
Magic:  20/20      EV: 24    Int:  8    God:    Dithmenos [*****.]
Gold:   1128       SH:  4    Dex: 19    Spells: 13/13 levels left

rFire   . . .      SeeInvis .   u - +2 scimitar (freeze)
rCold   + + .      Faith    .   S - +0 buckler
rNeg    . . .      Spirit   .   K - +1 robe {rC+}
rPois   +          Reflect  .   c - +2 hat
rElec   .          Harm     .   j - +2 cloak of the Purple Skies {rF- Slay+4}
rCorr   .          Rampage  .   (no gloves)
Will    ++...                   (boots unavailable)
Stlth   +++++++...              z - amulet "Luladghe" {Acrobat Will+}
HPRegen 0.25/turn               g - ring of poison resistance
MPRegen 0.17/turn               M - ring of protection from fire

@: mighty, flying quickly and evasively, wreathed by umbra, quick
A: beak, talons 3, nimble flight, cold resistance 1
a: Renounce Religion, Shadow Step, Shadow Form


You were on level 14 of the Dungeon.
You worshipped Dithmenos.
Dithmenos was extremely pleased with you.
You visited 4 branches of the dungeon, and saw 22 of its levels.
You also visited: Bailey.

You collected 1128 gold pieces.

Inventory:

Hand Weapons
 a - a +1 long sword
 b - a +1 long sword of draining
 m - a +3 falchion of freezing
 u - a +2 scimitar of freezing (weapon)
Missiles
 e - 7 javelins (quivered)
Armour
 c - a +2 hat (worn)
 j - the +2 cloak of the Purple Skies (worn) {rF- Slay+4}
   (You acquired it on level 8 of the Dungeon)

   Slay:      It affects your accuracy & damage with ranged weapons and melee
   (+4).
   rF:        It makes you vulnerable to fire.
 K - a +1 robe of cold resistance (worn)
 S - a +0 buckler (worn)
Jewellery
 g - a ring of poison resistance (left hand)
 p - an amulet of guardian spirit
 r - an amulet of regeneration
 z - the amulet "Luladghe" (around neck) {Acrobat Will+}
   (You found it on level 8 of the Dungeon)

   [amulet of the acrobat]

   It increases your evasion while moving and waiting.
   Will:      It increases your willpower.
 C - a ring of wizardry
 J - a ring of ice
 M - a ring of protection from fire (right hand)
 P - an amulet of magic regeneration
 Q - a ring of fire
 T - a ring of protection from cold
Wands
 l - a wand of flame (21)
 s - a wand of charming (8)
 v - a wand of mindburst (10)
 w - a wand of paralysis (10)
 y - a wand of iceblast (17)
 O - a wand of acid (6)
 R - a wand of polymorph (2)
Scrolls
 f - 5 scrolls of fog
 q - a scroll of teleportation
 A - 5 scrolls of noise
 B - 5 scrolls of identify
 F - 4 scrolls of amnesia
 H - a scroll of enchant armour
 N - 3 scrolls of enchant weapon
Potions
 d - 3 potions of resistance
 h - a potion of berserk rage
 i - a potion of cancellation
 n - 6 potions of brilliance
 o - 3 potions of haste
 t - 3 potions of mutation
 x - a potion of lignification
 D - 3 potions of might
 E - 2 potions of ambrosia
 G - a potion of attraction
 I - 8 potions of curing
 L - 2 potions of magic


   Skills:
 + Level 12.0 Fighting
 + Level 16.1 Long Blades
 - Level 2.0 Throwing
 + Level 13.3 Dodging
 + Level 8.7 Stealth
 + Level 7.0 Invocations


You had 13 spell levels left.
You didn't know any spells.
Your spell library contained the following spells:

 Spells                   Type           Power      Damage    Failure   Level
 Beastly Appendage        Tmut           0%         N/A       52%         1
 Foxfire                  Conj/Fire      0%         2x1d4     52%         1
 Magic Dart               Conj           0%         1d3       52%         1
 Slow                     Hex            0%         N/A       52%         1
 Blink                    Tloc           0%         N/A       65%         2
 Corpse Rot               Necr/Air       0%         N/A       65%         2
 Searing Ray              Conj           0%         2d4       65%         2
 Wereblood                Tmut           0%         N/A       65%         2
 Confusing Touch          Hex            0%         N/A       87%         3
 Conjure Flame            Conj/Fire      0%         6-21      87%         3
 Gell's Gravitas          Tloc           0%         N/A       87%         3
 Ignite Poison            Fire/Tmut/Pois 0%         N/A       87%         3
 Inner Flame              Hex/Fire       0%         N/A       87%         3
 Lesser Beckoning         Tloc           0%         N/A       87%         3
 Spider Form              Tmut/Pois      0%         N/A       87%         3
 Stone Arrow              Conj/Erth      0%         3d7       87%         3
 Teleport Other           Tloc           0%         N/A       87%         3
 Vampiric Draining        Necr           0%         2d6       87%         3
 Animate Armour           Summ/Erth      0%         N/A       99%         4
 Dispel Undead            Necr           0%         3d6       99%         4
 Flame Wave               Conj/Fire      0%         2d4       99%         4
 Fulminant Prism          Conj/Hex       0%         3d6       99%         4
 Iskenderun's Mystic Bla  Conj/Tloc      0%         2d3       99%         4
 Sticky Flame             Conj/Fire      0%         2d3       99%         4
 Lee's Rapid Deconstruct  Erth           0%         3d5*      100%        5
 Manifold Assault         Tloc           0%         N/A       100%        5
 Summon Forest            Summ/Tloc      0%         N/A       100%        5
 Yara's Violent Unravell  Hex/Tmut       0%         3d3       100%        5
 Death Channel            Necr           0%         N/A       100%        6
 Dispersal                Tloc           0%         N/A       100%        6
 Eringya's Noxious Bog    Tmut/Pois      0%         N/A       100%        6
 Enfeeble                 Hex            0%         N/A       100%        7
 Storm Form               Tmut/Air       0%         N/A       100%        7
 Summon Hydra             Summ           0%         N/A       100%        7
 Disjunction              Tloc           0%         N/A       100%        8
 Lehudib's Crystal Spear  Conj/Erth      0%         10d2      100%        8


Dungeon Overview and Level Annotations

Branches:
Dungeon (14/15)            Temple (1/1) D:4            Lair (6/6) D:10
 Spider (0/4) Lair:2        Slime (0/5) Lair:5          Orc (1/2) D:11
 Bailey (visited)
  Swamp: Lair:2-4    Shoals: Lair:2-4    Vaults: D:13-14

Altars:
Ashenzari
Cheibriados
Dithmenos
Elyvilon
Fedhas
Gozag
Hepliaklqana
Kikubaaqudgha
Makhleb
Nemelex Xobeh
Okawaru
Qazlal
Ru
Sif Muna
Trog
Uskayaw
Vehumet
Wu Jian
Xom
Yredelemnul
Zin
The Shining One

Shops:
D:1 :

Annotations:
D:9 1 runed translucent door
D:12 exclusions: oklob plant and oklob sapling
D:14 Nessos
Lair:5 exclusion: 3 oklob plants


Innate Abilities, Weirdness & Mutations

You have a beak for a mouth.
You have claws for feet.
Your magical nature lets you fly swiftly and evasively.
Your flesh is cold resistant. (rC+)


Message History

The tengu warrior hits you with a +0 broad axe!
The tengu warrior pecks you.
The tengu warrior completely misses you.
You see here a manticore corpse.
You barely miss the tengu warrior. Your kick misses the tengu warrior.
Your peck misses the tengu warrior.
The tengu warrior closely misses you. x2
The tengu warrior claws you.
You closely miss the tengu warrior. Your kick misses the tengu warrior.
Your shadow barely misses the tengu warrior.
The tengu warrior completely misses you. x2
The tengu warrior closely misses you.
You miss the tengu warrior. The tengu warrior blocks your attack.
Your shadow hits the tengu warrior with a scimitar.
The tengu warrior hits you with a +0 broad axe.
The tengu warrior misses you.
The tengu warrior completely misses you.
The tengu warrior blocks your attack.
Your kick misses the tengu warrior.
The tengu warrior is lightly wounded.
You closely miss the tengu warrior. Your kick misses the tengu warrior.
The tengu warrior is lightly wounded.
The tengu warrior hits you with a +0 broad axe!
* * * LOW HITPOINT WARNING * * *
The tengu warrior misses you.
The tengu warrior completely misses you.
You feel much better. The tengu warrior misses you.
The tengu warrior closely misses you. You block the tengu warrior's attack.
You feel very mighty all of a sudden.
The tengu warrior hits you with a +0 broad axe!
* * * LOW HITPOINT WARNING * * *
You block the tengu warrior's attack. The tengu warrior barely misses you.
You slash the tengu warrior! You freeze the tengu warrior.
The tengu warrior is lightly wounded.
The tengu warrior hits you with a +0 broad axe!
* * * LOW HITPOINT WARNING * * *
The tengu warrior pecks you but does no damage.
The tengu warrior claws you but does no damage.
You miss the tengu warrior. Your kick misses the tengu warrior.
The tengu warrior is lightly wounded.
The tengu warrior hits you with a +0 broad axe!!
You die...

...W≈♣$.♣♣≈..#
...Q≈Q♣ ≈≈..#####
...≈≈ ≈.......# .H.
#.....# #.#
###.....#
###§#####...<..(#
##§§§......#.....#
#.#
##§Q§§#######.....#
#$# #§@§### ###.#..
#.###§#§#
#####..... #
#...§§#§#
#........c #.
#...##..#
##..####.... #
#..### #...##.##
... #.... #
....###.#.##.##.#
#.... #
#..##......<..#
#.#..
#....#....####
#.###
####.##.#..### #.#


You could see a tengu warrior.

Vanquished Creatures
  Snorg (D:14)
  Fannar (D:10)
  4 two-headed ogres
  3 boulder beetles
  A catoblepas (D:13)
  2 centaur warriors (D:13)
  Nergalle (Lair:3)
  Lodul (D:14)
  A deep elf pyromancer (D:13)
  An orc knight (Bailey)
  4 ugly things
  6 manticores
  3 cyclopes
  9 elephants (Lair:5)
  2 black mambas
  5 cane toads
  2 rime drakes
  A gargoyle (D:12)
  4 komodo dragons
  3 trolls
  4 hornets
  8 blink frogs
  2 polar bears
  A shadow (D:11)
  A centaur simulacrum (D:14)
  35 yaks
  A vampire (D:12)
  6 wyverns
  3 basilisks
  2 wraiths
  Eustachio (D:4)
  2 redbacks (Lair:2)
  9 vampire mosquitoes (D:13)
  3 acid dragons
  9 water moccasins
  2 ice beasts
  4 black bears
  7 orc warriors
  2 sky beasts (D:7)
  6 ogres
  10 wolves
  6 centaurs
  3 phantoms
  2 kobold brigands
  11 bullfrogs
  A gnoll sergeant (D:11)
  5 scorpions
  4 wights (D:8)
  11 killer bees
  2 electric eels (Lair:1)
  6 howler monkeys
  2 hounds (D:5)
  2 jellies
  2 lava snakes (Lair:1)
  7 orc priests
  3 iguanas
  5 orc wizards
  5 gnolls
  11 adders
  A shadow imp (D:7)
  A white imp (D:7)
  2 ufetubi
  A worm (D:9)
  2 dart slugs
  42 orcs
  14 ball pythons
  10 endoplasms
  2 giant cockroaches
  25 goblins
  10 hobgoblins
  9 jackals
  25 kobolds
  6 quokkas
  8 bats
  3 frilled lizards
  9 rats
431 creatures vanquished.

Vanquished Creatures (others)
  20 fungi
  36 plants
  4 withered plants (Lair:6)
60 creatures vanquished.

Grand Total: 491 creatures vanquished

Notes
Turn   | Place    | Note
-------+----------+-------------------------------------------
     0 | D:1      | Sweeb the Tengu Gladiator began the quest for the Orb.
     0 | D:1      | Reached XP level 1. HP: 12/12 MP: 2/2
     0 | D:1      | Upgraded the game from 0.29-a0-364-g921d912d32 to
                  | 0.29-a0-369-gd956c00756
   159 | D:1      | Found Icikim's Book Shoppe.
   167 | D:1      | Reached XP level 2. HP: 9/17 MP: 3/3
   537 | D:1      | Reached XP level 3. HP: 22/22 MP: 4/4
   630 | D:1      | Reached skill level 4 in Long Blades
   888 | D:1      | Found a faded altar of an unknown god.
  1383 | D:2      | Reached XP level 4. HP: 24/27 MP: 5/5
  2166 | D:2      | Gained mutation: Your magical nature lets you fly swiftly
                  | and evasively. [Tengu growth]
  2166 | D:2      | Reached XP level 5. HP: 25/32 MP: 6/6
  3358 | D:3      | Found a sacrificial altar of Ru.
  3493 | D:4      | Noticed Eustachio
  3599 | D:4      | Found a staircase to the Ecumenical Temple.
  3611 | Temple   | Entered the Ecumenical Temple
  3669 | Temple   | Became a worshipper of Dithmenos the Shadowed
  3705 | D:4      | Reached skill level 5 in Long Blades
  3721 | D:4      | Noticed a phantom
  3745 | D:5      | Entered Level 5 of the Dungeon
  3745 | D:5      | Noticed an ogre
  3751 | D:5      | Noticed an ice beast
  3756 | D:5      | Killed an ogre
  3799 | D:5      | Noticed a centaur
  3900 | D:4      | Killed Eustachio
  3901 | D:4      | Reached skill level 6 in Long Blades
  3901 | D:4      | Reached XP level 6. HP: 14/38 MP: 7/7
  4330 | D:4      | Reached skill level 5 in Dodging
  4330 | D:4      | Reached XP level 7. HP: 34/43 MP: 8/8
  5004 | D:4      | Found a blossoming altar of Fedhas.
  5071 | D:5      | Reached skill level 7 in Long Blades
  5262 | D:5      | Found a bloodstained altar of Trog.
  5296 | D:5      | Reached * piety under Dithmenos
  5297 | D:5      | Reached XP level 8. HP: 30/48 MP: 9/9
  5737 | D:5      | Reached skill level 5 in Fighting
  5832 | D:5      | Reached skill level 8 in Long Blades
  6290 | D:6      | Reached skill level 9 in Long Blades
  6487 | D:6      | Found a broken altar of Ashenzari.
  6694 | D:6      | Reached XP level 9. HP: 39/55 MP: 10/10
  7156 | D:7      | Reached ** piety under Dithmenos
  7269 | D:7      | Reached skill level 10 in Long Blades
  7287 | D:7      | Gained mutation: You are dopey. (Int -2) [potion of
                  | mutation]
  7287 | D:7      | Gained mutation: You are weak. (Str -2) [potion of
                  | mutation]
  7544 | D:7      | Reached skill level 11 in Long Blades
  7771 | D:7      | Reached XP level 10. HP: 18/63 MP: 11/11
  8305 | D:8      | Found a flagged portal.
  8317 | Bailey   | Entered a bailey
  8347 | Bailey   | Noticed an orc warlord
  8389 | Bailey   | Reached *** piety under Dithmenos
  8427 | Bailey   | Noticed an orc knight
  8506 | Bailey   | Found a runed translucent gate.
  8507 | Bailey   | Found a runed translucent gate.
  8514 | Bailey   | Found a runed translucent gate.
  8592 | Bailey   | Killed an orc knight
  9090 | D:8      | Identified a scroll of acquirement
  9090 | D:8      | Acquired the +2 cloak of the Purple Skies {rF- Slay+4}
  9102 | D:8      | Reached skill level 13 in Long Blades
  9102 | D:8      | Reached skill level 10 in Dodging
  9102 | D:8      | Reached XP level 11. HP: 60/71 MP: 12/12
  9333 | D:8      | Identified the amulet "Luladghe" {Acrobat Will+}
  9350 | D:8      | Reached skill level 1 in Stealth
  9599 | D:8      | Reached skill level 14 in Long Blades
  9624 | D:8      | Found a stormy altar of Qazlal.
 10043 | D:9      | Reached **** piety under Dithmenos
 10091 | D:9      | Noticed a boulder beetle
 10180 | D:9      | Found a runed translucent door.
 10181 | D:9      | Found a burning altar of Makhleb.
 10181 | D:9      | Noticed a sixfirhy
 10207 | D:9      | Killed a boulder beetle
 10428 | D:9      | Found a snail-covered altar of Cheibriados.
 10501 | D:9      | Reached skill level 1 in Invocations
 11355 | D:10     | Entered Level 10 of the Dungeon
 11359 | D:10     | Noticed Fannar
 11454 | D:10     | Found a staircase to the Lair.
 11466 | Lair:1   | Entered Level 1 of the Lair of Beasts
 12262 | Lair:1   | Reached ***** piety under Dithmenos
 12754 | Lair:2   | Reached XP level 12. HP: 77/77 MP: 14/14
 12779 | Lair:2   | Noticed an eight-headed hydra
 12863 | D:10     | Identified the +10 dagger of the Middle {vamp, SInv}
 12917 | D:10     | Found a shimmering blue altar of Sif Muna.
 13208 | D:10     | Reached skill level 10 in Fighting
 13364 | D:10     | Killed Fannar
 13500 | D:10     | Found a hazy altar of Hepliaklqana.
 13618 | D:10     | Noticed a two-headed ogre
 13626 | D:10     | Killed a two-headed ogre
 13676 | D:10     | Lost mutation: You are weak. (Str -2) [potion of mutation]
 13676 | D:10     | Lost mutation: You are dopey. (Int -2) [potion of mutation]
 13676 | D:10     | Gained mutation: Your flesh is cold resistant. (rC+)
                  | [potion of mutation]
 14594 | D:11     | Found a staircase to the Orcish Mines.
 14677 | D:11     | Reached skill level 5 in Stealth
 15432 | Lair:2   | Found a hole to the Spider Nest.
 15551 | Lair:3   | Reached skill level 15 in Long Blades
 15605 | Lair:3   | Noticed Nergalle
 15618 | Lair:3   | Killed Nergalle
 15679 | Lair:3   | You are sucked into a shaft and drop 2 floors!
 16160 | Lair:5   | Reached XP level 13. HP: 73/84 MP: 17/17
 16286 | Lair:4   | Reached skill level 5 in Invocations
 20167 | Lair:5   | Found a staircase to the Slime Pits.
 20295 | Lair:6   | Entered Level 6 of the Lair of Beasts
 20528 | Lair:6   | Reached XP level 14. HP: 91/91 MP: 19/19
 21280 | Orc:1    | Entered Level 1 of the Orcish Mines
 21492 | D:14     | Noticed Nessos
 21498 | D:14     | Reached skill level 16 in Long Blades
 21817 | D:14     | Noticed Lodul
 21848 | D:14     | Killed Lodul
 22057 | D:14     | Noticed Snorg
 22073 | D:14     | Killed Snorg
 22097 | D:14     | Slain by a tengu warrior

Illustrated notes

Levels and vault maps discovered:
D:1:      heliophobic_arrival_ceremonial_halls, layout_basic, serial_shops,
          nicolae_shop_competitors_out_of_business,
          ebering_ecumenical_altar_petrified, minmay_misc_feat_x
D:2:      layout_basic, kennysheep_generic_room_8
D:3:      layout_loops_corners, nicolae_ru_path_of_blood
D:4:      layout_cave_pods, mainiacjoe_overflow_alcove_1,
          minmay_temple_entry_poolview, hex_medium, minmay_misc_feat_pillars,
          kennysheep_generic_room_6, uniq_eustachio
D:5:      layout_rooms, mainiacjoe_overflow_alcove_4, interstate_on_off
D:6:      layout_cave_pools, ashenzari_altar_1, kennysheep_small_spiral
D:7:      layout_loops_ring
D:8:      layout_rooms, lemuel_round_altar, enter_bailey_3, minivault_27,
          chequers_serial_rivers_micro_e
D:9:      layout_loops_corners, slow_altar_1, nzn_makhleb_speed_demon, hex_tiny
D:10:     layout_loops_ring, nicolae_hepliaklqana_hippocampus,
          nicolae_sif_muna_condensation, lair_entry_dummy, uniq_fannar
D:11:     layout_irregular_city, david_orc_2
D:12:     layout_roguey, introduction_to_nature_1
D:13:     layout_roguey, grunt_ministairs_15
D:14:     layout_rooms, grunt_vaults_entry_tiered, serial_bayou_ford_a,
          kb_tengu_band, uniq_jorgrun, uniq_nessos, uniq_lodul, uniq_snorg
Temple:   dshaligram_water_room_temple
Lair:1:   layout_roguey, serial_bayou_lagoon_a, nicolae_lair_liquid_snakes
Lair:2:   layout_small_grid, spider_nest_entry_webs,
          portal_ice_cave_entry_pillars_2, serial_bayou_shore_b
Lair:3:   layout_chaotic_city, swamp_mist_pool, small_statue_intersection,
          uniq_nergalle
Lair:4:   layout_roguey, gammafunk_ghost_grave, serial_bayou_shore_a
Lair:5:   layout_gridlike, minmay_slime_entry_oklob_enclosed,
          infiniplex_staircase_pool, serial_bayou_shore_b
Lair:6:   due_jungle_book, layout_regular_city
Orc:1:    layout_diamond_mine, minmay_orc_temple_c

Skill      XL: |  1  2  3  4  5  6  7  8  9 10 11 12 13 14 |
---------------+-------------------------------------------+-----
Long Blades    | 4 6 7 9 11 13 14 15 16 | 16.1
Fighting       | 3 4 5 7 9 10 11 12 | 12.0
Dodging        | 4 5 6 8 10 11 12 13 | 13.3
Stealth        | 3 6 8 |  8.7
Invocations    | 2 4 6 7 |  7.0
Throwing       | |  2.0

Action                   |  1- 3 |  4- 6 |  7- 9 | 10-12 | 13-15 || total
-------------------------+-------+-------+-------+-------+-------++-------
Melee: Long sword        |    68 |    78 |       |       |       ||   146
       Kick              |    15 |    28 |    67 |   144 |   150 ||   404
       Peck              |    11 |    12 |    53 |    86 |    90 ||   252
       Punch             |       |     2 |     5 |     2 |     3 ||    12
       Falchion          |       |    22 |   224 |    81 |       ||   327
       Scimitar          |       |       |       |   350 |   371 ||   721
Throw: Throwing net      |       |     2 |     2 |       |       ||     4
Evoke: Wand              |       |       |       |     1 |     2 ||     3
  Use: Scroll            |       |     5 |     6 |    12 |     5 ||    28
       Potion            |       |       |     6 |     9 |     3 ||    18
 Stab: Sleeping          |       |     3 |     1 |    16 |    13 ||    33
       Distracted        |       |     1 |       |     3 |     1 ||     5
       Held in net/web   |       |     2 |     1 |       |       ||     3
Armor: Leather armour    |    27 |    13 |    25 |    19 |       ||    84
       Robe              |       |       |       |     6 |    32 ||    38
Dodge: Dodged            |    73 |    92 |   172 |   262 |   409 ||  1008
Block: Other             |       |       |     2 |       |       ||     2
       Buckler           |       |       |       |       |    26 ||    26

Table legend: (Time is in decaauts)
 A = Elapsed time spent in this place.
 B = Non-inter-level travel time spent in this place.
 C = Inter-level travel time spent in this place.
 D = Time resting spent in this place.
 E = Time spent auto-exploring this place.
 F = Levels seen in this place.
 G = Mean time per level.
                   A        B        C        D        E       F      G
               +--------+--------+--------+--------+--------+-----+--------+
         Total |  20666 |  19338 |   1328 |   5170 |   9618 |  23 |  898.5 |
       Dungeon |  15059 |  14163 |    896 |   3911 |   7618 |  14 | 1075.6 |
        Temple |     64 |     53 |     11 |      0 |     40 |   1 |   64.0 |
          Lair |   4825 |   4406 |    419 |    955 |   1959 |   6 |  804.2 |
  Orcish Mines |     19 |     19 |      0 |      0 |      0 |   1 |   19.0 |
        Bailey |    696 |    696 |      0 |    302 |      0 |   1 |  696.0 |
               +--------+--------+--------+--------+--------+-----+--------+

Top non-repeatable levels by time:
     D:2: 1618 daAuts
  Lair:5: 1442 daAuts
     D:9: 1325 daAuts
     D:4: 1288 daAuts
  Lair:1: 1241 daAuts
    D:11: 1229 daAuts
     D:7: 1162 daAuts
    D:13: 1140 daAuts
    D:10: 1129 daAuts
     D:5: 1072 daAuts
     D:1: 1069 daAuts
    D:12: 1034 daAuts
     D:6: 887 daAuts
     D:8: 877 daAuts
  Lair:2: 816 daAuts
